General information
- name: BNet
- type: Ladder team game (AT/RT)
- host: Battle.net
- saver: boli
map: GnollWood
- players: 4
- length: 22:04
- speed: Fast
- version: 1.24 W3XP
- replay type: Public
» download(137 KB)
Players
team 1 (winner)

»
boli (
green | 93 APM | 2051 actions | 22:04)
5 Blademaster
3 Wind Walk
2 Critical Strike
4 Tauren Chieftain
2 War Stomp
2 Endurance Aura
» actions
| Assign group hotkey | 4 | |
| Basic commands | 119 | |
| Build / train | 73 | |
| ESC pressed | 1 | |
| Enter build submenu | 19 | |
| Enter hero's abilities submenu | 9 | |
| Give item / drop item | 3 | |
| Right click | 1019 | |
| Select / deselect | 308 | |
| Select group hotkey | 341 | |
| Use ability | 155 | |
2051 total
» units
| Peon | 12 | |
| Grunt | 6 | |
| Raider | 3 | |
| Spirit Walker | 4 | |
| Tauren | 4 | |
| Wind Rider | 3 | |
32 total
» upgrades
| Ensnare | 1 | |
| Berserker Strength | 1 | |
| Spirit Walker Training | 2 | |
| Pulverize | 1 | |
| Reinforced Defenses | 1 | |
| Shaman Training | 1 | |
| Armor | 1 | |
8 total
» buildings
| Altar of Storms | 1 | |
| Orc Burrow | 8 | |
| Barracks | 1 | |
| Voodoo Lounge | 1 | |
| Stronghold | 1 | |
| War Mill | 1 | |
| Beastiary | 1 | |
| Spirit Lodge | 1 | |
| Fortress | 2 | |
| Tauren Totem | 3 | |
20 total
» build order
00:07 Altar of Storms
00:17 Orc Burrow
00:19 Orc Burrow
00:36 Barracks
01:26 Orc Burrow
02:09 Voodoo Lounge
03:35 Stronghold
04:22 Orc Burrow
04:25 War Mill
06:02 Beastiary
06:09 Spirit Lodge
09:06 Orc Burrow
12:03 Fortress
12:10 Orc Burrow
14:29 Tauren Totem
14:31 Tauren Totem
16:40 Tauren Totem
17:00 Orc Burrow
18:20 Orc Burrow
» items
| Circlet of Nobility | 2 | |
| Dust of Appearance | 1 | |
| Boots of Speed | 2 | |
| Healing Salve | 4 | |
| Scroll of Town Portal | 2 | |
| Orb of Lightning | 1 | |
| Potion of Healing | 2 | |
| Lesser Clarity Potion | 1 | |
15 total
chiggazvince (
teal | 75 APM | 1653 actions | 22:04)
4 Blademaster
2 Wind Walk
2 Critical Strike
» actions
| Assign group hotkey | 7 | |
| Basic commands | 50 | |
| Build / train | 55 | |
| ESC pressed | 5 | |
| Enter build submenu | 33 | |
| Enter hero's abilities submenu | 4 | |
| Give item / drop item | 4 | |
| Right click | 728 | |
| Select / deselect | 400 | |
| Select group hotkey | 238 | |
| Use ability | 129 | |
1653 total
» units
» upgrades
| Spiked Barricades | 2 | |
| Ranged Weapons | 3 | |
| Burning Oil | 1 | |
| Reinforced Defenses | 1 | |
7 total
» buildings
| Altar of Storms | 2 | |
| Orc Burrow | 7 | |
| Barracks | 2 | |
| Voodoo Lounge | 4 | |
| War Mill | 1 | |
| Stronghold | 1 | |
| Watch Tower | 16 | |
| Fortress | 1 | |
34 total
» build order
00:08 Altar of Storms
00:14 Orc Burrow
00:40 Barracks
01:37 Orc Burrow
01:58 Voodoo Lounge
03:35 Orc Burrow
04:03 Orc Burrow
04:07 Voodoo Lounge
04:40 Voodoo Lounge
04:57 War Mill
05:41 Stronghold
06:29 Watch Tower
07:42 Watch Tower
08:08 Watch Tower
08:13 Orc Burrow
08:39 Watch Tower
09:40 Watch Tower
11:08 Altar of Storms
11:30 Watch Tower
11:43 Barracks
11:49 Watch Tower
12:25 Watch Tower
12:55 Orc Burrow
13:04 Watch Tower
13:16 Watch Tower
14:08 Fortress
14:17 Watch Tower
14:23 Watch Tower
14:40 Voodoo Lounge
15:37 Watch Tower
16:41 Watch Tower
16:45 Watch Tower
19:38 Orc Burrow
21:06 Watch Tower
» items
| Circlet of Nobility | 1 | |
| Dust of Appearance | 1 | |
| Healing Salve | 3 | |
| Lesser Clarity Potion | 1 | |
| Staff of Teleportation | 1 | |
| Scroll of Healing | 1 | |
| Scroll of Speed | 3 | |
| Scroll of Town Portal | 2 | |
13 total
team 2 (loser)
GravesLab (
red | 73 APM | 1620 actions | 22:03)
3 Blademaster
1 Wind Walk
2 Critical Strike
3 Shadow Hunter
2 Hex
1 Healing Wave
» actions
| Assign group hotkey | 161 | |
| Basic commands | 41 | |
| Build / train | 73 | |
| ESC pressed | 3 | |
| Enter build submenu | 17 | |
| Enter hero's abilities submenu | 6 | |
| Give item / drop item | 1 | |
| Right click | 843 | |
| Select / deselect | 350 | |
| Select group hotkey | 34 | |
| Use ability | 91 | |
1620 total
» units
| Peon | 12 | |
| Grunt | 2 | |
| Troll Headhunter/Berserker | 27 | |
| Demolisher | 3 | |
| Spirit Walker | 2 | |
| Shaman | 6 | |
52 total
» upgrades
| Melee Weapons | 1 | |
| Armor | 1 | |
| Ranged Weapons | 2 | |
| Shaman Training | 3 | |
7 total
» buildings
| Altar of Storms | 1 | |
| Orc Burrow | 5 | |
| Barracks | 1 | |
| War Mill | 1 | |
| Stronghold | 1 | |
| Voodoo Lounge | 2 | |
| Spirit Lodge | 4 | |
| Great Hall | 1 | |
| Fortress | 1 | |
17 total
» build order
00:10 Altar of Storms
00:23 Orc Burrow
00:34 Barracks
01:19 War Mill
01:36 Orc Burrow
02:30 Orc Burrow
04:22 Stronghold
04:53 Orc Burrow
04:57 Voodoo Lounge
07:42 Spirit Lodge
07:45 Spirit Lodge
11:46 Spirit Lodge
12:44 Voodoo Lounge
15:25 Orc Burrow
16:58 Great Hall
17:00 Fortress
19:27 Spirit Lodge
» items
| Healing Salve | 2 | |
| Lesser Clarity Potion | 1 | |
| Scroll of Town Portal | 1 | |
4 total
Woe[CF] (
purple | 206 APM | 4507 actions | 21:53)
3 Blademaster
2 Wind Walk
1 Critical Strike
3 Shadow Hunter
1 Hex
2 Healing Wave
» actions
| Assign group hotkey | 40 | |
| Basic commands | 201 | |
| Build / train | 78 | |
| Enter build submenu | 14 | |
| Enter hero's abilities submenu | 6 | |
| Give item / drop item | 3 | |
| Remove unit from queue | 3 | |
| Right click | 1833 | |
| Select / deselect | 354 | |
| Select group hotkey | 1831 | |
| Use ability | 144 | |
4507 total
» units
| Peon | 10 | |
| Grunt | 13 | |
| Raider | 9 | |
| Tauren | 1 | |
| Troll Batrider | 3 | |
36 total
» upgrades
| Ensnare | 1 | |
| Berserker Strength | 1 | |
| Armor | 1 | |
| Pulverize | 1 | |
4 total
» buildings
| Altar of Storms | 1 | |
| Orc Burrow | 7 | |
| Barracks | 1 | |
| Stronghold | 1 | |
| Voodoo Lounge | 1 | |
| Beastiary | 1 | |
| Fortress | 1 | |
| War Mill | 1 | |
| Tauren Totem | 1 | |
15 total
» build order
00:08 Altar of Storms
00:21 Orc Burrow
00:37 Barracks
01:31 Orc Burrow
03:00 Stronghold
03:02 Voodoo Lounge
04:34 Orc Burrow
05:28 Beastiary
06:15 Orc Burrow
06:27 Fortress
06:28 Fortress
11:59 Fortress
12:01 War Mill
13:03 Orc Burrow
14:27 Tauren Totem
19:32 Orc Burrow
19:33 Orc Burrow
» items
| Healing Salve | 4 | |
| Lesser Clarity Potion | 5 | |
| Scroll of Speed | 3 | |
| Dust of Appearance | 2 | |
| Potion of Healing | 3 | |
| Scroll of Town Portal | 1 | |
| Scroll of Healing | 2 | |
| Orb of Lightning | 1 | |
21 total
Chat log
(00:03 / Allies) boli: orc
(00:11 / Allies) chiggazvince: want u wanna do?
(00:22 / Allies) boli: standard
(00:53 / Allies) boli: ill scout down
(01:05 / Allies) chiggazvince: lol i searched rt for like 30 mins
(01:07 / Allies) chiggazvince: the other day
(01:11 / Allies) chiggazvince: nada
(01:13 / Allies) boli: nerd
(01:14 / Allies) boli: NERD
(01:27 / Allies) chiggazvince: before school
(01:31 / Allies) chiggazvince: i wwent on like 30 game streak
(01:35 / Allies) chiggazvince: playing s3s
(01:38 / Allies) boli: lol
(01:44 / Allies) chiggazvince: orc s3s
(01:45 / Allies) chiggazvince: so ez
(01:47 / Allies) chiggazvince: grunt/demo
(01:50 / Allies) chiggazvince: every game
(02:00 / Allies) boli: get that
(02:07 / Allies) chiggazvince: left gnoll has it right?
(02:11 / Allies) boli: yea
(02:13 / Allies) boli: wait
(02:14 / Allies) boli: no right side
(02:51 / Allies) chiggazvince: left side :P
(03:23 / Allies) chiggazvince: and that's game
(05:19 / Allies) chiggazvince: grabbin dusts
(06:23 / Allies) boli: omw
(06:31 / Allies) boli: pick a bm
(06:41 / Allies) chiggazvince: purp
(08:49 / Allies) boli: gonna try and make tps happen
(10:23 / Allies) boli: nice way to be a nerd
(10:24 / Allies) boli: uaheuaheu
(11:04 / Allies) chiggazvince: tiowers
(11:05 / Allies) chiggazvince: tower
(11:19 / Allies) chiggazvince: gold/wood
(11:22 / Allies) chiggazvince: tower nazi
(11:58 / Allies) chiggazvince: t3
(12:02 / Allies) chiggazvince: gonna have to tauren
(12:04 / Allies) chiggazvince: vs his zerks
(12:15 / Allies) chiggazvince: towering ur base
(12:17 / Allies) boli: YESSA MASSAA
(12:33 / Allies) chiggazvince: demos/tower
(14:01 / Allies) boli: im out
(14:27 / Allies) chiggazvince: care
(15:12 / Allies) chiggazvince: take claws
(15:22 / Allies) chiggazvince: salve me
(15:36 / Allies) boli: get a dust
(15:57 / Allies) chiggazvince: he took
(17:35 / Allies) boli: im just massing shit
(17:36 / Allies) boli: LOL
(17:59 / Allies) chiggazvince: lol
(18:16 / Allies) chiggazvince: took scroll
(18:46 / Allies) boli: IOM COMING
(19:01 / Allies) chiggazvince: phew
(19:25 / Allies) chiggazvince: get purp
(19:28 / Allies) chiggazvince: to tp to red
(19:30 / Allies) chiggazvince: imma main purp
(19:50 / Allies) chiggazvince: otw
(19:56 / Allies) chiggazvince: expoing
(19:58 / Allies) chiggazvince: ;D
(20:09 / Allies) chiggazvince: purp bm alive?
(21:51 / All) Woe[CF]: Gg
(21:53 / All) chiggazvince: gg